 Dungeon Crawl Stone Soup version 0.24.0-28-g17ded55e90 (webtiles) character file.

Game seed: 15973939484227056282, levelgen mode: deterministic

375 Aelig the Summoner (level 6, 0/41 HPs)
             Began as a Barachi Summoner on Nov 11, 2019.
             Was an Initiate of Cheibriados.
             Slain by an orc wizard
             ... wielding a +0 dagger
              (2 damage)
             ... on level 5 of the Dungeon.
             The game lasted 00:14:18 (4265 turns).

Aelig the Summoner (Barachi Summoner)               Turns: 4265, Time: 00:14:19

Health: 0/41       AC:  2    Str: 16    XL:     6   Next: 72%
Magic:  2/9        EV: 12    Int: 18    God:    Cheibriados [......]
Gold:   173        SH:  0    Dex: 13    Spells: 3/9 levels left

rFire    . . .     SeeInvis .   i - +2 trident (vamp)
rCold    . . .     Gourm    .   (no shield)
rNeg     . . .     Faith    .   g - +0 robe (curse)
rPois    .         Spirit   .   (no helmet)
rElec    .         Reflect  .   (no cloak)
rCorr    .         Harm     .   (no gloves)
MR       .....                  (no boots)
Stlth    ++........             (no amulet)
HPRegen  0.13/turn              (no ring)
MPRegen  0.11/turn              (no ring)

@: mighty, very slow
A: +LOS, swims, slowness 1, strong legs 1
a: Hop, Bend Time, Renounce Religion


You were on level 5 of the Dungeon.
You worshipped Cheibriados.
Cheibriados was noncommittal.
You were not hungry.

You visited 2 branches of the dungeon, and saw 6 of its levels.

You collected 215 gold pieces.
You spent 42 gold pieces at shops.

Inventory:

Hand Weapons
 i - a +2 vampiric trident (weapon)
Armour
 a - a +1 robe
 f - a +0 buckler
 g - a cursed +0 robe (worn)
Jewellery
 d - a cursed amulet of inaccuracy {unknown}
 m - a cursed amulet of inaccuracy {unknown}
 o - a +4 ring of dexterity {unknown}
Scrolls
 h - a scroll of enchant weapon
 p - a scroll of noise {unknown}
 r - a scroll of teleportation
 s - a scroll of remove curse {unknown}
 t - a scroll of random uselessness {unknown}
Potions
 b - a potion of invisibility {unknown}
 e - a potion of resistance {unknown}
 j - a potion of haste {unknown}
 k - 2 potions of might
 l - 4 potions of curing {unknown}
 n - a potion of magic {unknown}
 q - a potion of lignification {unknown}
 u - a potion of degeneration {unknown}
Comestibles
 c - 7 rations


   Skills:
 - Level 2.1 Dodging
 - Level 1.7 Stealth
 - Level 2.1 Spellcasting
 + Level 9.4 Summonings


You had 3 spell levels left.
You knew the following spells:

 Your Spells              Type           Power        Failure   Level  Hunger
a - Summon Small Mammal   Summ           ####         1%          1    #......
b - Call Imp              Summ           #####...     1%          2    ###....
c - Call Canine Familiar  Summ           #####...     1%          3    ###....

Your spell library contained the following spells:

 Spells                   Type           Power        Failure   Level  Hunger
 Summon Guardian Golem    Hex/Summ       ###.....     8%          3    ###....
 Summon Ice Beast         Ice/Summ       ###.....     26%         4    #####..
 Summon Lightning Spire   Summ/Air       ###.....     26%         4    #####..


Dungeon Overview and Level Annotations

Branches:
Dungeon (5/15)             Temple (1/1) D:4

Altars:
Ashenzari
Cheibriados
Dithmenos
Fedhas
Gozag
Hepliaklqana
Kikubaaqudgha
Makhleb
Nemelex Xobeh
Okawaru
Qazlal
Sif Muna
Trog
Uskayaw
Vehumet
Wu Jian
Xom
Yredelemnul
Zin
The Shining One

Shops:
D:5 ?

Annotations:
D:4 1 runed translucent door, Empheia's ghost, amateur MiFi


Innate Abilities, Weirdness & Mutations

Shadows flee at your approach. (+LOS)
You can swim through water.
You cover ground slowly.
You can hop short distances.


Message History

Confirm with . or Enter, or press ? or * to list all spells.
Something hits you.
Unknown command.
You hit something but do no damage. Something hits you.
Your hound barely misses something.
Something hits you but does no damage.
Your hound bites something but does no damage.
Your crimson imp blinks!
You closely miss something. Something hits you.
* * * LOW HITPOINT WARNING * * *
Your hound closely misses something.
You hear some strange, mumbled words.
A puff of frost appears from out of thin air!
The puff of frost hits you!
* * * LOW HITPOINT WARNING * * *
Unknown command.
It was a potion of might.
You feel very mighty all of a sudden.
Your hound bites something but does no damage.
Something hits you.
You die...

# ## .. ####### #<
#.##########..5..# #5
#..[....^.##.###.# #.
####{@.##.##5# #5####.
#...h#.##.##.###......
#.####.#.....#....####
# #...#####.##.#
#.......#.##.#
#..#.##.#....# #....#
###### #.#### #(#


You could see a friendly hound.

Vanquished Creatures
  2 orc wizards
  A worker ant (D:5)
  3 adders
  A worm (D:2)
  3 leopard geckos
  5 orcs
  2 ball pythons
  2 goblins
  3 hobgoblins
  2 jackals
  A quokka (D:4)
  6 bats
  4 frilled lizards
  A jackal zombie (D:5)
  3 kobolds
  3 rats
42 creatures vanquished.

Vanquished Creatures (collateral kills)
  Menkaure (D:5)
  An orc warrior (D:5)
  An ogre (D:3)
  An orc wizard (D:3)
  3 adders
  3 oozes
  An adder skeleton (D:4)
  3 worms
  4 leopard geckos
  9 orcs
  6 bats
  5 goblins
  2 hobgoblins (D:1)
  4 jackals
  2 kobolds
  3 quokkas
  A frilled lizard (D:2)
  A leopard gecko skeleton (D:4)
  3 rats
54 creatures vanquished.

Grand Total: 96 creatures vanquished

Notes
Turn   | Place    | Note
-------+----------+-------------------------------------------
     0 | D:1      | Aelig the Barachi Summoner began the quest for the Orb.
     0 | D:1      | Reached XP level 1. HP: 13/13 MP: 3/3
    25 | D:1      | Reached skill level 5 in Summonings
   311 | D:1      | Reached XP level 2. HP: 19/19 MP: 3/5
   315 | D:1      | Learned a level 2 spell: Call Imp
  1026 | D:2      | Reached XP level 3. HP: 24/24 MP: 4/6
  1166 | D:2      | Reached skill level 6 in Summonings
  1809 | D:2      | Learned a level 3 spell: Call Canine Familiar
  2189 | D:3      | Noticed an ogre
  2251 | D:3      | Killed an ogre
  2251 | D:3      | Reached skill level 7 in Summonings
  2251 | D:3      | Reached XP level 4. HP: 26/30 MP: 0/7
  2437 | D:3      | Reached XP level 5. HP: 24/35 MP: 2/8
  3104 | D:3      | Reached skill level 8 in Summonings
  3465 | D:4      | Found a staircase to the Ecumenical Temple.
  3490 | Temple   | Entered the Ecumenical Temple
  3630 | Temple   | Became a worshipper of Cheibriados the Contemplative
  3877 | D:4      | Found a runed translucent door.
  3897 | D:4      | Noticed Empheia's ghost (amateur MiFi)
  3933 | D:5      | Entered Level 5 of the Dungeon
  3948 | D:5      | Found Waebluaf's Magic Scroll Shop.
  3955 | D:5      | Bought a scroll of teleportation for 42 gold pieces
  4113 | D:5      | Reached XP level 6. HP: 41/41 MP: 5/9
  4122 | D:5      | Noticed Menkaure
  4131 | D:5      | Killed Menkaure
  4131 | D:5      | Reached skill level 9 in Summonings
  4237 | D:5      | Noticed an orc warrior
  4250 | D:5      | Killed an orc warrior
  4264 | D:5      | HP: 2/41 [something/puff of frost (10)]
  4265 | D:5      | Slain by an orc wizard

Levels and vault maps discovered:
D:1:      dpeg_arrival_renting, layout_basic
D:2:      layout_basic
D:3:      layout_loops_ring, first_ration, amethyst_killhole,
          minmay_misc_feat_room
D:4:      layout_rooms, minmay_temple_entry_mist, ebering_ghost_reflecting_pool
D:5:      layout_basic, nicolae_ru_the_path_less_chosen, serial_shops,
          nicolae_shop_temple_entry_statues_fountains, uniq_menkaure
Temple:   regret_index_temple_sigil_plot

Skill      XL: |  1  2  3  4  5  6 |
---------------+-------------------+-----
Summonings     | 5 7 8 9 |  9.4
Dodging        | |  2.1
Stealth        | |  1.7
Spellcasting   | |  2.1

Action                   |  1- 3 |  4- 6 || total
-------------------------+-------+-------++-------
Melee: Unarmed           |    19 |       ||    19
       Whip              |    56 |    49 ||   105
       Trident           |       |    92 ||    92
 Cast: Summon Small Mamm |    39 |    31 ||    70
       Call Imp          |    13 |    18 ||    31
       Call Canine Famil |       |     4 ||     4
  Use: Scroll            |       |     5 ||     5
       Potion            |       |     1 ||     1
 Stab: Sleeping          |       |     6 ||     6
       Distracted        |       |     2 ||     2
  Eat: Chunk             |     6 |    10 ||    16
Armor: Robe              |    28 |    24 ||    52
Dodge: Dodged            |    87 |    86 ||   173
